AoeStats
← 恆浪蕩

Arena

507214798Analyzed
4v4 RM · 14d ago on Sep 17, 2026· 48m 50s· 8 players
Game mode
Random Map
Map size
Large (8 player)
Population
200
Speed
Normal
Resources
Standard
Victory
Conquest
Starting age
Dark Age
Ending age
Imperial Age
RankedLock teamsTeams togetherTeam positionsShared explorationLock speedFull tech treeHidden civsTurbo modeCheats
Victory
Defeat
🇹🇼 Spanish · Taiwan
1562
+17
🇦🇷 Poles · Argentina
1519
+19
🇹🇼 Vietnamese · Taiwan
1512
+19
🇹🇷 Mongols · Türkiye
1482
+20
🇦🇷 Wei · Argentina
1664
-22
🇹🇼 Armenians · Taiwan
1627
-21
🇹🇼 Georgians · Taiwan
1565
-18
🇹🇼 Persians · Taiwan
1453
-14
abija
10:11 Feudal Age
14:30 Castle Age
12:30 Double-Bit Axe
12:49 Horse Collar
20:44 Bow Saw
20:35 Heavy Plow
22:11 Wheelbarrow
26:40 Imperial Age
25:06 Hand Cart
24:57 Scale Barding Armor
25:04 Forging
26:22 Chain Barding Armor
27:08 Iron Casting
27:03 Bloodlines
26:53 Husbandry
27:57 Crop Rotation
26:51 Cavalier
29:11 Blast Furnace
31:41 Fletching
32:08 Fortified Wall
32:41 Szlachta Privileges
33:05 Conscription
35:48 Coinage
35:33 Loom
35:34 Town Watch
35:52 Light Cavalry
36:59 Lechitic Legacy
38:23 Banking
37:56 Caravan
37:45 Winged Hussar
39:44 Pikeman
40:24 Squires
40:26 Scale Mail Armor
43:30 Gold Mining
43:31 Stone Mining
鼠條
9:10 Loom
10:57 Feudal Age
16:48 Castle Age
17:31 Double-Bit Axe
20:12 Horse Collar
24:16 Wheelbarrow
24:28 Padded Archer Armor
27:17 Leather Archer Armor
27:39 Heavy Plow
29:57 Fletching
30:51 Bodkin Arrow
35:35 Imperial Age
35:40 Elite Conquistador
36:41 Conscription
37:28 Ring Archer Armor
37:24 Bracer
37:40 Scale Barding Armor
37:45 Forging
38:02 Bloodlines
37:52 Husbandry
38:38 Gold Mining
39:03 Light Cavalry
40:16 Hand Cart
41:22 Chain Barding Armor
41:37 Iron Casting
41:58 Hussar
45:09 Plate Barding Armor
45:14 Iron Casting
48:05 Blast Furnace
47:22 Bow Saw
47:00 Cavalier
肉肉小狗
10:16 Feudal Age
14:00 Castle Age
12:05 Double-Bit Axe
14:03 Horse Collar
15:15 Bow Saw
20:36 Wheelbarrow
24:23 Hand Cart
24:51 Gold Mining
26:33 Fletching
29:39 Imperial Age
27:26 Bodkin Arrow
28:33 Heavy Plow
28:30 Stone Mining
29:54 Ballistics
29:49 Padded Archer Armor
30:37 Bracer
31:38 Chemistry
31:10 Loom
31:58 Crop Rotation
32:30 Two-Man Saw
32:06 Stone Shaft Mining
31:50 Leather Archer Armor
32:17 Paper Money
32:13 Elite Rattan Archer
33:47 Ring Archer Armor
33:43 Scale Mail Armor
34:14 Forging
33:44 Pikeman
34:30 Squires
35:01 Treadmill Crane
34:45 Halberdier
36:14 Chain Mail Armor
36:36 Siege Engineers
37:28 Plate Mail Armor
37:14 Thumb Ring
37:34 Caravan
38:18 Iron Casting
38:15 Scale Barding Armor
38:25 Town Watch
40:09 Chatras
40:49 Bloodlines
40:40 Husbandry
42:13 Chain Barding Armor
41:32 Elite Battle Elephant
43:49 Plate Barding Armor
46:53 Guilds
46:09 Elite Fire Lancer
46:43 Light Cavalry
48:40 Bombard Tower
ValerioN__
9:34 Feudal Age
13:30 Castle Age
11:56 Double-Bit Axe
11:51 Horse Collar
14:48 Bow Saw
22:54 Wheelbarrow
24:40 Hand Cart
28:56 Imperial Age
26:51 Fletching
26:59 Gold Mining
27:19 Stone Mining
27:33 Padded Archer Armor
27:29 Bodkin Arrow
29:02 Leather Archer Armor
30:11 Bracer
31:12 Chemistry
30:39 Conscription
30:50 Bloodlines
30:41 Husbandry
30:44 Loom
30:42 Elite Mangudai
32:08 Thumb Ring
32:35 Parthian Tactics
33:20 Ballistics
37:09 Masonry
40:04 Caravan
41:41 Coinage
43:17 Onager
LuLALa
10:35 Feudal Age
14:12 Castle Age
12:22 Horse Collar
13:18 Double-Bit Axe
15:13 Bow Saw
15:59 Heavy Plow
24:42 Gold Mining
24:46 Stone Mining
26:17 Wheelbarrow
26:24 Loom
26:25 Town Watch
27:17 Gold Shaft Mining
26:57 Scale Barding Armor
27:03 Forging
27:10 Husbandry
27:21 Bloodlines
28:19 Chain Barding Armor
29:18 Stone Shaft Mining
29:34 Iron Casting
33:07 Imperial Age
30:53 Hand Cart
30:38 Town Patrol
31:32 Scale Mail Armor
31:23 Fletching
31:34 Padded Archer Armor
31:13 Pikeman
31:53 Squires
31:42 Arson
32:42 Chain Mail Armor
32:56 Ballistics
32:47 Clinker Construction
32:46 Bodkin Arrow
32:14 Light Cavalry
32:45 Cavalier
34:29 Two-Man Saw
34:14 Plate Barding Armor
34:43 Blast Furnace
34:01 Chain Mail Armor
33:42 Bodkin Arrow
33:52 Hussar
34:21 Savar
34:23 Halberdier
37:12 Plate Mail Armor
40:02 Leather Archer Armor
41:25 Conscription
41:05 Kamandaran
44:05 Citadels
默默默默默
6:10 Loom
8:13 Feudal Age
11:27 Fletching
12:23 Double-Bit Axe
12:43 Horse Collar
18:43 Wheelbarrow
22:15 Castle Age
20:34 Gold Mining
22:31 Padded Archer Armor
23:18 Bodkin Arrow
23:36 Bow Saw
33:30 Imperial Age
31:26 Leather Archer Armor
32:15 Ballistics
32:32 Bloodlines
34:13 Bracer
35:23 Parthian Tactics
35:21 Thumb Ring
35:28 Bracer
37:59 Chemistry
38:18 Ring Archer Armor
恆浪蕩
10:09 Feudal Age
14:48 Castle Age
13:02 Double-Bit Axe
13:14 Horse Collar
16:07 Bow Saw
20:12 Wheelbarrow
19:23 Loom
21:28 Heavy Plow
27:20 Imperial Age
25:25 Squires
24:46 Man-at-Arms
25:37 Gold Mining
25:38 Stone Mining
25:56 Town Watch
25:48 Long Swordsman
26:15 Gambesons
27:03 Scale Mail Armor
26:52 Two-Handed Swordsman
28:06 Chain Mail Armor
28:49 Forging
29:49 Hand Cart
30:19 Gold Shaft Mining
29:36 Champion
31:14 Fereters
31:11 Pikeman
31:58 Halberdier
33:10 Plate Mail Armor
33:16 Iron Casting
34:43 Conscription
36:22 Blast Furnace
38:11 Fortified Wall
38:24 Onager
39:10 Heavy Scorpion
41:05 Fletching
43:26 Arson
43:41 Capped Ram
46:06 Siege Ram
48:16 Caravan
48:27 Guilds
機會同學
10:47 Feudal Age
14:33 Castle Age
12:22 Double-Bit Axe
20:11 Loom
22:01 Wheelbarrow
28:13 Imperial Age
25:58 Bow Saw
26:22 Scale Barding Armor
26:28 Forging
26:36 Horse Collar
28:38 Chain Barding Armor
28:54 Iron Casting
28:20 Husbandry
28:31 Bloodlines
28:19 Cavalier
29:27 Hand Cart
30:06 Plate Barding Armor
33:32 Iron Casting
36:33 Conscription
39:37 Blast Furnace
39:20 Fletching
40:35 Chemistry
39:58 Ballistics
40:00 Padded Archer Armor
39:37 Elite Skirmisher
40:32 Bodkin Arrow
41:32 Bracer
41:48 Leather Archer Armor
42:23 Treadmill Crane
44:21 Blast Furnace
43:10 Pikeman
43:35 Gambesons
43:51 Squires
43:54 Scale Mail Armor
Connection lost

Rejoining the realm…

Still unreachable

The connection could not be restored.

Session expired

The server has moved on; the page needs a fresh start.